 Dungeon Crawl Stone Soup version 0.20-a0-830-g2c9a30d (webtiles) character file.

203 George the Slasher (level 5, -9/45 HPs)
             Began as a Demonspawn Fighter on Mar 5, 2017.
             Mangled by an ogre
             ... wielding a +0 giant club
              (12 damage)
             ... on level 4 of the Dungeon on Mar 6, 2017.
             The game lasted 00:12:08 (2699 turns).

George the Slasher (Demonspawn Fighter)             Turns: 2699, Time: 00:12:09

Health: -9/45      AC:  4    Str: 17    XL:     5   Next: 51%
Magic:  5/5        EV:  6    Int:  9    God:
Gold:   162        SH:  9    Dex: 15    Spells: 4/4 levels left

rFire    + + +     SeeInvis .   a - +0 long sword
rCold    x . .     Gourm    .   h - +0 fire dragon scales (curse)
rNeg     . . .     Faith    .   c - +0 shield
rPois    .         Spirit   .   (helmet restricted)
rElec    .         Reflect  .   (no cloak)
rCorr    .         Harm     .   (no gloves)
MR       .....                  (no boots)
Stlth    ..........             (no amulet)
Regen    0.2/turn               (no ring)
MPRegen  0.1/turn               (no ring)

@: no status effects
A: claws 1, horns 1, talons 2, agile 1, deformed body, fire resistance 1, robust
1
a: no special abilities


You were on level 4 of the Dungeon.
You were not hungry.

You visited 1 branch of the dungeon, and saw 4 of its levels.

You collected 162 gold pieces.

Inventory:

Hand Weapons
 a - a +0 long sword (weapon)
Armour
 c - a +0 shield (worn)
 h - cursed +0 fire dragon scales (worn)
 n - a +0 chain mail
Jewellery
 j - an uncursed ring of fire
Scrolls
 b - a scroll of remove curse {unknown}
 e - 4 scrolls of recharging {unknown}
 g - 2 scrolls of identify {unknown}
 l - a scroll of teleportation {unknown}
Potions
 d - a potion of might
 k - 2 potions of curing
 m - 2 potions of agility {unknown}
Comestibles
 f - 3 bread rations
 i - a meat ration
 o - a chunk of flesh
 p - a royal jelly


   Skills:
 - Level 3.0 Fighting
 + Level 5.3 Long Blades
 - Level 2.6 Armour
 - Level 2.6 Shields


You had 4 spell levels left.
You didn't know any spells.

Dungeon Overview and Level Annotations

Branches:
Dungeon (4/15)
 Temple: D:4-7

Altars:
Nemelex Xobeh
Ru
Yredelemnul

Annotations:
D:3 1 runed door


Innate Abilities, Weirdness & Mutations

You have sharp fingernails.
You have a pair of small horns on your head.
You have razor-sharp toenails.
You are agile. (Dex +2)
Armour fits poorly on your strangely shaped body.
Your flesh is heat resistant. (rF+)
You are robust. (+10% HP)


Message History

Your shield and fire dragon scales prevent you from hitting the ogre.
You headbutt the ogre.
The ogre is severely wounded.
The ogre closely misses you.
You barely miss the ogre.
The ogre is severely wounded.
The ogre barely misses you.
You riposte.
You hit the ogre but do no damage. Your kick misses the ogre.
The ogre is severely wounded.
You hit the ogre.
The ogre is almost dead.
The ogre barely misses you.
You hit the ogre. You claw the ogre.
The ogre is almost dead.
The ogre hits you with a giant club!
* * * LOW HITPOINT WARNING * * *
You completely miss the ogre.
The ogre is almost dead.
The ogre hits you with a giant club!
You die...

#..####.#
##.###.##
#....## #.####
### #.# ....
#.# ..... #.#
......######.#
......O@.....#
.....#########
.>. .


You could see an ogre.

Vanquished Creatures
  2 scorpions
  Robin (D:2)
  2 adders
  An ooze (D:4)
  4 worms
  2 giant cockroaches
  10 hobgoblins
  4 jackals (D:3)
  2 quokkas
  A ball python (D:2)
  6 bats
  8 frilled lizards
  8 goblins
  A jackal skeleton (D:3)
  5 kobolds
  4 rats
61 creatures vanquished.

Notes
Turn   | Place    | Note
-------+----------+-------------------------------------------
     0 | D:1      | George the Demonspawn Fighter began the quest for the Orb.
     0 | D:1      | Reached XP level 1. HP: 18/18 MP: 1/1
   150 | D:1      | Reached skill level 2 in Long Blades
   475 | D:1      | Gained mutation: You have sharp toenails. [demonic ancestry]
   475 | D:1      | Reached XP level 2. HP: 17/24 MP: 2/2
   773 | D:1      | Noticed a scorpion
   777 | D:1      | Gained mutation: Armour fits poorly on your strangely shaped body. [potion of mutation]
   777 | D:1      | Gained mutation: You are agile. (Dex +2) [potion of mutation]
   777 | D:1      | Gained mutation: Your flesh is heat resistant. (rF+) [potion of mutation]
   777 | D:1      | Gained mutation: You are robust. (+10% HP) [potion of mutation]
   785 | D:1      | Killed a scorpion
   785 | D:1      | Reached skill level 3 in Long Blades
   785 | D:1      | Gained mutation: You have a pair of small horns on your head. [demonic ancestry]
   785 | D:1      | Reached XP level 3. HP: 27/31 MP: 3/3
  1088 | D:2      | Upgraded the game from 0.20-a0-823-gdec668e to 0.20-a0-830-g2c9a30d
  1105 | D:2      | Noticed Robin
  1114 | D:2      | Gained mutation: You have sharp fingernails. [demonic ancestry]
  1114 | D:2      | Reached XP level 4. HP: 29/38 MP: 4/4
  1119 | D:2      | Killed Robin
  1119 | D:2      | Reached skill level 4 in Long Blades
  1453 | D:2      | Found a sparkling altar of Nemelex Xobeh.
  1887 | D:3      | Noticed a human
  1888 | D:3      | Found a runed door.
  1898 | D:3      | Found a basalt altar of Yredelemnul.
  2241 | D:3      | Reached skill level 5 in Long Blades
  2241 | D:3      | Gained mutation: You have razor-sharp toenails. [demonic ancestry]
  2241 | D:3      | Reached XP level 5. HP: 18/45 MP: 5/5
  2553 | D:3      | Found a sacrificial altar of Ru.
  2685 | D:4      | Noticed an ogre
  2699 | D:4      | Mangled by an ogre

Vault maps used:
D:1:      dpeg_arrival_arbitrary_a, minmay_hexomino_f4
D:2:      nicolae_overflow_hidden_temple, uniq_robin
D:3:      nicolae_ru_the_path_less_chosen, dk_yredelemnul_ordeal
D:4:      chequers_temple_overflow_statue_of_worship, kennysheep_mini_moat

Skill      XL: |  1  2  3  4 |
---------------+-------------+-----
Long Blades    | 2 3 5 |  5.3
Fighting       | |  3.0
Armour         | |  2.6
Shields        | |  2.6

Action                   |  1- 3 |  4- 6 || total
-------------------------+-------+-------++-------
Melee: Long sword        |    73 |   119 ||   192
       Kick              |     9 |    33 ||    42
       Headbutt          |     3 |    29 ||    32
  Use: Potion            |     5 |       ||     5
  Eat: Chunk             |     1 |     5 ||     6
Armor: Scale mail        |    27 |       ||    27
       Chain mail        |     6 |       ||     6
       Skin              |     4 |       ||     4
       Fire dragon scale |     1 |    43 ||    44
Dodge: Dodged            |    15 |    37 ||    52
Block: Shield            |    34 |    55 ||    89
       Rpst.: Long sword |     5 |    12 ||    17
